 Dungeon Crawl Stone Soup version 0.31.0-11-ge490571c62 (webtiles) character file.

Game seed: 3940241630025396571

235 Esekla the Grasshopper (level 6, -2/32 HPs)
             Began as a Vine Stalker Warper on Jan 31, 2024.
             Was an Initiate of Vehumet.
             Slain by a killer bee (3 damage)
             ... on level 5 of the Dungeon on Feb 1, 2024.
             The game lasted 00:18:00 (3101 turns).

Esekla the Grasshopper (Vine Stalker Warper)        Turns: 3101, Time: 00:18:01

Health: -2/32      AC:  3    Str: 13    XL:     6   Next: 5%
Magic:  0/11       EV: 12    Int: 15    God:    Vehumet [......]
Gold:   219        SH:  0    Dex: 14    Spells: 3/11 levels left

rFire   . . .        v - +0 dagger (venom)
rCold   . . .        (no shield)
rNeg    . . .        g - +0 robe
rPois   .            (no helmet)
rElec   .            n - +0 cloak
rCorr   +            (no gloves)
SInv    +            (no boots)
Will    .....        (no amulet)
Stlth   ++           j - ring of resist corrosion
HPRegen 1.05/turn    p - ring of see invisible
MPRegen 0.12/turn

%: guardian spirit
@: lethally poisoned (-2 -> -3), about to teleport
A: fangs 2, regeneration 1, magic shield, antimagic bite, no potion heal 2
a: Renounce Religion


You were on level 5 of the Dungeon.
You worshipped Vehumet.
Vehumet was noncommittal.
You visited 1 branch of the dungeon, and saw 5 of its levels.

You collected 219 gold pieces.

Inventory:

Hand Weapons
 a - a +0 scimitar
 v - a +0 dagger of venom (weapon)
Missiles
 d - 7 darts of dispersal
 l - 11 boomerangs (quivered)
 r - 6 poisoned darts
Armour
 g - a +0 robe (worn)
 n - a +0 cloak (worn)
 z - a +2 pair of gloves
Jewellery
 j - a ring of resist corrosion (left hand)
 p - a ring of see invisible (right hand)
 q - an amulet of faith
Wands
 s - a wand of mindburst (22)
 x - a wand of paralysis (12)
Scrolls
 b - a scroll of teleportation
 c - a scroll of fear {unknown}
 e - 2 scrolls of identify
 k - a scroll of amnesia {unknown}
 w - a scroll of poison {unknown}
 y - a scroll of noise {unknown}
 B - a scroll of immolation {unknown}
Potions
 f - 2 potions of heal wounds
 h - a potion of berserk rage {unknown}
 i - a potion of haste {unknown}
 m - a potion of lignification {unknown}
 o - a potion of ambrosia {unknown}
 t - 2 potions of attraction {unknown}
 u - a potion of might {unknown}
 A - a potion of mutation {unknown}


   Skills:
 * Level 2.9 Fighting
 + Level 0.1(1.8) Short Blades
 + Level 3.1 Long Blades
 + Level 1.0 Throwing
 - Level 0.7 Armour
 + Level 2.3 Dodging
 + Level 1.3 Stealth
 * Level 3.2 Spellcasting
 * Level 0.4 Necromancy
 + Level 3.3 Translocations
 * Level 1.1 Ice Magic


You had 3 spell levels left.
You knew the following spells:

 Your Spells              Type           Power      Damage    Failure   Level
a - Ozocubu's Armour      Ice            6%         N/A       34%         3
b - Blink                 Tloc           24%        N/A       8%          2
w - Fugue of the Fallen   Necr           3%         N/A       45%         3

Your spell library contained the following spells:

 Spells                   Type           Power      Damage    Failure   Level
 Lesser Beckoning         Tloc           24%        N/A       8%          2
 Teleport Other           Tloc           12%        N/A       16%         3
 Summon Ice Beast         Ice/Summ       4%         N/A       43%         3
 Manifold Assault         Tloc           12%        N/A       45%         4
 Vhi's Electric Charge    Tloc/Air       14%        N/A       69%         4
 Summon Mana Viper        Hex/Summ       2%         N/A       99%         5
 Monstrous Menagerie      Summ           1%         N/A       100%        7


Dungeon Overview and Level Annotations

Branches:
Dungeon (5/15)
 Temple: D:4-7

Altars:
Qazlal
Vehumet
Xom


Innate Abilities, Weirdness & Mutations

You have extremely sharp teeth.
Your natural rate of healing is unusually fast.
When hurt, damage is shared between your health and your magic reserves.
Your bite disrupts and absorbs the magic of your enemies.
Potions cannot restore your health.


Message History

There is a stone staircase leading up here.
The killer bee attacks as it pursues you!
The killer bee stings you!
You are poisoned.
The killer bee poisons you! The killer bee closely misses you. x2
You feel sick.
The killer bee attacks as it pursues you!
The killer bee completely misses you. x2
You feel sick.
You feel sick. The killer bee stings you!
You hit the killer bee but do no damage.
Your bite misses the killer bee.
You feel sick. The killer bee misses you. The killer bee closely misses you.
You hit the killer bee but do no damage.
Your bite misses the killer bee.
You feel sick. The killer bee closely misses you.
The killer bee completely misses you.
You closely miss the killer bee.
You feel sick. The killer bee stings you.
You are more poisoned.
The killer bee poisons you! The killer bee barely misses you.
You hit the killer bee but do no damage.
Your bite misses the killer bee.
You feel sick. The killer bee closely misses you.
An ufetubus comes into view.
The killer bee stings you!
As you read the scroll labelled HEGHEPTUCRA, it crumbles to dust.
It is a scroll of identify.
b - 2 scrolls of teleportation You feel sick.
The killer bee misses you. The killer bee closely misses you.
As you read the scroll of teleportation, it crumbles to dust.
You feel strangely unstable.
You feel sick. The killer bee stings you.
* * * LOW HITPOINT WARNING * * *
The killer bee stings you.
* * * LOW HITPOINT WARNING * * *
You are lethally poisoned!
The killer bee poisons you!
It was a potion of heal wounds.
That seemed strangely inert.
* * * LOW HITPOINT WARNING * * *
You feel very sick. The killer bee stings you.
You die...

........... ..##.# ..#.. ...
....... #..###.# .......##
#...#... .......# #....yy. ..
##.....# ##..ยง#y..
..###......# ##...###.#
...........##########.y...#...
#............@yy.#..Y5#.......
.....#....####5Y..###......##
.........####..5<###.......#
####......>.................
#....#.#.####.#.#......##
#Y##....... ..........#
#.#####....# ..........#
.._.....# #..#.# .#.#..[....
......#.# ##.#.# .#.# ..


You could see a yak, 2 killer bees and 2 ufetubi.

Vanquished Creatures
  A bombardier beetle (D:5)
  A sleepcap (D:4)
  Natasha (thrice) (D:3)
  4 adders
  A ribbon worm (D:2)
  5 ball pythons
  4 bats
  12 endoplasms
  3 giant cockroaches
  7 goblins
  7 hobgoblins
  2 jackals (D:4)
  3 quokkas
  2 kobolds
  4 rats
59 creatures vanquished.

Notes
Turn   | Place    | Note
-------+----------+-------------------------------------------
     0 | D:1      | Esekla the Vine Stalker Warper began the quest for the Orb.
     0 | D:1      | Reached XP level 1. HP: 11/11 MP: 4/4
    84 | D:1      | Reached XP level 2. HP: 11/15 MP: 3/6
   138 | D:1      | Learned a level 2 spell: Blink
   626 | D:3      | Reached XP level 3. HP: 18/18 MP: 7/7
   819 | D:3      | Noticed Natasha
   967 | D:5      | Entered Level 5 of the Dungeon
   982 | D:5      | Reached XP level 4. HP: 23/23 MP: 7/9
   984 | D:5      | Noticed a yak
   985 | D:5      | Found a stormy altar of Qazlal.
   985 | D:5      | Noticed a yak
   985 | D:5      | Noticed a yak
   985 | D:5      | Noticed a yak
  1005 | D:5      | Found a radiant altar of Vehumet.
  1011 | D:5      | Became a worshipper of Vehumet
  1047 | D:3      | Learned a level 3 spell: Ozocubu's Armour
  1102 | D:3      | Identified the +2 helmet of a Labyrinth {+Blink rF- Int+2
                  | SInv}
  1120 | D:3      | Found a shimmering altar of Xom.
  1583 | D:2      | Reached skill level 1 in Stealth
  1696 | D:2      | Reached skill level 1 in Throwing
  1827 | D:3      | Killed Natasha
  1828 | D:3      | Reached skill level 1 in Ice Magic
  1828 | D:3      | Reached XP level 5. HP: 25/26 MP: 10/10
  2456 | D:3      | Noticed Natasha
  2468 | D:3      | Killed Natasha
  2575 | D:3      | Learned a level 3 spell: Fugue of the Fallen
  2738 | D:3      | Noticed Natasha
  2747 | D:3      | Killed Natasha
  2906 | D:4      | Reached XP level 6. HP: 32/32 MP: 11/11
  3101 | D:5      | HP: 1/32 [poisoned by a killer bee]
  3101 | D:5      | Slain by a killer bee

Illustrated notes

Levels and vault maps discovered:
D:1:      ebering_trefoil_3fold, layout_basic
D:2:      layout_loops_ring
D:3:      layout_basic, mainiacjoe_overflow_concentric_impassable,
          grunt_decor_resistance, uniq_natasha
D:4:      layout_rooms
D:5:      layout_rooms, lemuel_tele_altar, gammafunk_temple_overflow_elements,
          vehumet_crystals, minmay_temple_entry_mist, uniq_grinder

Skill      XL: |  1  2  3  4  5 |
---------------+----------------+-----
Long Blades    | 2 3 |  3.1
Fighting       | 2 |  2.9
Stealth        | 1 |  1.3
Spellcasting   | 3 |  3.2
Throwing       | 1 |  1.0
Ice Magic      | 1 |  1.1
Dodging        | 2 |  2.3
Short Blades   | |  0.1
Armour         | |  0.7
Necromancy     | |  0.4
Translocations | |  3.3

Action                     |  1- 3 |  4- 6 || total
---------------------------+-------+-------++-------
  Melee: Falchion          |    71 |     7 ||    78
         Bite              |    14 |    30 ||    44
         Punch             |     1 |       ||     1
         Dagger            |       |    81 ||    81
         Scimitar          |       |    24 ||    24
  Throw: Dart              |     2 |     3 ||     5
         Boomerang         |       |     2 ||     2
    Use: Scroll            |       |     3 ||     3
         Potion            |       |     1 ||     1
   Stab: Sleeping          |     3 |       ||     3
 Armour: Leather armour    |    41 |       ||    41
         Robe              |    12 |    60 ||    72
  Dodge: Dodged            |    57 |    73 ||   130
